 Dungeon Crawl Stone Soup version 0.18-a0-1071-g9f02aef (webtiles) character file.

5 ErgoProxy the Chiller (level 1, 0/13 HPs)
             Began as a Merfolk Ice Elementalist on Jan 14, 2016.
             Slain by a kobold
             ... wielding a +0 whip
              (7 damage)
             ... on level 1 of the Dungeon.
             The game lasted 00:01:33 (227 turns).

ErgoProxy the Chiller (Merfolk Ice Elementalist)     Turns: 227, Time: 00:01:33

Health: 0/13       AC:  3    Str:  8    XL:     1   Next: 80%
Magic:  0/3        EV: 13    Int: 14    God:
Gold:   24         SH:  0    Dex: 14    Spells: 1 memorised, 3 levels left

rFire  . . .     SeeInvis .     (no weapon)
rCold  . . .     Gourm    .     a - +0 robe
rNeg   . . .     Faith    .     (no shield)
rPois  .         Spirit   .     i - +0 helmet
rElec  .         Dismiss  .     (no cloak)
rCorr  .         Reflect  .     (no gloves)
SustAt .         Harm     .     (no boots)
MR     .....                    (no amulet)
Stlth  ++........               (no ring)
                                f - ring of flight

@: not resistant to hostile enchantments, unstealthy
A: change form in water, swift swim
a: Evoke Flight


You were on level 1 of the Dungeon.
You were not hungry.

You visited 1 branch of the dungeon, and saw 1 of its levels.

You collected 24 gold pieces.

Inventory:

Armour
 a - a +0 robe (worn)
 i - a +0 helmet (worn)
Jewellery
 f - a ring of flight (left hand)
Scrolls
 e - a scroll of fear {unknown}
 h - a scroll of recharging {unknown}
Potions
 d - a potion of lignification {unknown}
Books
 b - a book of Frost

   Spells                             Type                      Level
   a - Freeze                         Ice                          1
   b - Throw Frost                    Conjuration/Ice              2
   c - Ozocubu's Armour               Charms/Ice                   3
   d - Throw Icicle                   Conjuration/Ice              4
   e - Summon Ice Beast               Ice/Summoning                4
   f - Condensation Shield            Ice                          4
Comestibles
 c - a bread ration
 g - a meat ration


   Skills:
 - Level 2.6 Dodging
 - Level 2.1 Stealth
 - Level 2.0 Spellcasting
   Level 0.7 Conjurations
 + Level 3.7 Ice Magic


You had 3 spell levels left.
You knew the following spells:

 Your Spells              Type           Power        Failure   Level  Hunger
a - Freeze                Ice            ##..         6%          1    ##.....


Dungeon Overview and Level Annotations

Branches:
Dungeon (1/15)

Altars:


Message History

Confirm with . or Enter, or press ? or * to list all spells.
Aiming: Freeze
Press: ? - help, Shift-Dir - straight line, f/p - rat
Aim: a rat (moderately wounded)
You freeze the rat.
You kill the rat!
Found 19 sling bullets.
Casting: Freeze
Confirm with . or Enter, or press ? or * to list all spells.
Aiming: Freeze
Press: ? - help, Shift-Dir - straight line, f - kobold
Aim: a kobold, wielding a whip You freeze the kobold.
The kobold is severely wounded.
The kobold closely misses you.
You closely miss the kobold.
The kobold is severely wounded.
The kobold hits you with a whip!
Ouch! That really hurt!
You die...

#..#########......
#.....'''.....#####
#...###.###.......# #
#.....#..#(##.#######
#..<..#..#..........#
#.....#..+...†......#
#######..#..........#
#....K.#.......)..#
#....@.#..........#
#..#####..........#
#.. #.............#
.(. #.######...####
.. ##+######...###
#.............#
+.............#
#.............#
#......(..†...#


You could see a kobold.

Vanquished Creatures
  A hobgoblin (D:1)
  A bat (D:1)
  2 goblins (D:1)
  2 rats (D:1)
6 creatures vanquished.

Vanquished Creatures (others)
  A ghoul (D:1)
  A minotaur (D:1)
  A gargoyle (D:1)
  A vine stalker (D:1)
  A troll (D:1)
  A vampire (D:1)
  3 nagas (D:1)
  An ogre (D:1)
  A centaur (D:1)
  A mummy (D:1)
  2 orcs (D:1)
  A kobold (D:1)
  9 tentacles (D:1)
  83 tentacle segments (D:1)
107 creatures vanquished.

Grand Total: 113 creatures vanquished

Notes
Turn   | Place    | Note
--------------------------------------------------------------
     0 | D:1      | ErgoProxy the Merfolk Ice Elementalist began the quest for the Orb.
     0 | D:1      | Reached XP level 1. HP: 13/13 MP: 3/3
     2 | D:1      | Noticed a vampire
     2 | D:1      | Noticed a ghoul
     2 | D:1      | Noticed a minotaur
     2 | D:1      | Noticed a naga
     2 | D:1      | Noticed a vine stalker
     2 | D:1      | Noticed a centaur
     2 | D:1      | Noticed a kraken
     2 | D:1      | Noticed a troll
     2 | D:1      | Noticed an ogre
     2 | D:1      | Noticed a gargoyle
     2 | D:1      | Noticed a naga
     2 | D:1      | Noticed a naga
     4 | D:1      | Killed a centaur
     5 | D:1      | Killed an ogre
     8 | D:1      | Killed a naga
     9 | D:1      | Killed a ghoul
    10 | D:1      | Killed a vampire
    11 | D:1      | Killed a gargoyle
    11 | D:1      | Killed a troll
    12 | D:1      | Killed a vine stalker
    13 | D:1      | Killed a naga
    13 | D:1      | Killed a naga
    18 | D:1      | Killed a minotaur
   227 | D:1      | Slain by a kobold

Vault maps used:
D:1:      nicolae_arrival_kraken_aquarium_b

Action                   || total
-------------------------++-------
Melee: Unarmed           ||     1
 Cast: Freeze            ||    10
